Unix NetHack Version 3.7.0-97 Work-in-progress - last build Feb 8 2024 15:05:57 (6d6cdf8371b60126770a3d7b88910941cb14a054,branch:master). Game began 2024-02-21 20:13:11, ended 2024-02-21 21:24:17. spontiff, neutral male gnomish Healer ---- # # --- ---- ---- |..-- -----*#* --.----- --- |..-- |..| --...| |...|#0# --- -------...|..----- |.--|...| -----..| |....| |....# ## --.|---- -------|................|---|..||..-- ----.|...-- |....| --..# # |..|...| |..|...|................|...|.---..-- --.......-- ----.-- |.. ### |..|... |..|.[.|.........--|--..-...|.--....---........| |..| |.. ###0 |..--|---+-|..|...|..-----..|...|..| ..|....-..........*..| --.--|...## #.-.........-|---|--..|.((|--|...|..-----..--.......---...-- |..--..-.####..)-----.....`.......-.((|..|...|@........---....--- --.-- --.........##...|...|...-.--......|.((|..|---|+@........--....| --- ---.......*#...|...-...|..|...{..------||((.|d..-----......--- |.-.-.0.*#...........|..|.............|$(+|.e.+ |.......-- |.| #..|##..........-[---............-|...|.[.| |.|.|....-- ...#*...-..>..........))^......|...|..|-|--...----.|---....--- |.|*#........--------....----|.................|...| ---....--- |..#*..|.-...|[.....|....-.$.|..............#..|..[| |.--...------ --.. ........|._....-....|...|...........{....-|...| |....-*.*...| |..|#|........|......|....------.......#....|..--...| ---.%..---).| |... |........-------|..............(......-|.......| |..<.| ---- ----*......#**#* -------------....-------------.| --.--- # ###*#0*###* #... --- --- Spontiff the Rhizotomist St:8 Dx:11 Co:18 In:7 Wi:15 Ch:17 Neutral S:300 Dlvl:6 $:25 HP:0(25) Pw:4(4) AC:-6 Xp:1/0 T:5138 Latest messages: The watch captain swings her silver saber at the large dog. The watch captain hits the large dog. The watch captain swings her silver saber at the large dog. The watch captain misses the large dog. The watch captain swings her silver saber. The watch captain hits! The watch captain swings her silver saber. The watch captain hits again! #bah: unknown extended command. What do you want to zap? [JS or ?*] S Nothing happens. The large dog misses the watch captain. The watch captain swings her silver saber. The watch captain misses! The watch captain swings her silver saber. The watch captain hits! The large dog bites the watch captain. The watch captain swings her silver saber at the large dog. The watch captain misses the large dog. The watch captain swings her silver saber at the large dog. The watch captain misses the large dog. The large dog misses the watch captain. The large dog picks up a short sword. The large dog misses the watch captain. You drop a crested helmet. You drop a small shield. You drop a cursed food ration. Your movements are now unencumbered. You drop a cursed tin named spinach. You drop an uncursed white spellbook. You drop an uncursed spellbook called parchment 1. The large dog bites the watch captain. The watch captain swings her silver saber at the large dog. The watch captain hits the large dog. The watch captain swings her silver saber at the large dog. The watch captain hits the large dog. What do you want to use or apply? [akostxzJSV or ?*] s In what direction? l Status of the large dog (neutral, medium): Level 9 HP 29(72) AC 4, tame. The large dog drops a short sword. The watch captain picks up a short sword. What do you want to use or apply? [akostxzJSV or ?*] Never mind. The watch captain swings her silver saber. The watch captain hits! The watch captain swings her silver saber. The watch captain hits again! You die... Do you want your possessions identified? [ynq] (y) y Do you want to see the dungeon overview? [ynq] (y) q Inventory: Coins $ - 25 gold pieces Weapons W - an uncursed +0 dart Q - a cursed -1 long sword Armor h - an uncursed +0 dwarvish iron helm (being worn) g - an uncursed +1 pair of leather gloves (being worn) G - an uncursed +0 pair of leather gloves v - a blessed +1 pair of iron shoes (being worn) r - an uncursed +0 small shield (being worn) q - an uncursed +0 dwarvish cloak (being worn) Comestibles y - an uncursed apple a - an uncursed cream pie n - 6 uncursed food rations L - an uncursed lembas wafer p - an uncursed tripe ration Scrolls T - an uncursed scroll of enchant armor B - a cursed scroll of enchant armor I - an uncursed scroll of identify K - a cursed scroll of identify f - an uncursed scroll of punishment Z - an uncursed scroll of scare monster U - a blessed scroll of stinking cloud Potions D - 2 uncursed potions of booze i - a cursed potion of booze l - an uncursed potion of see invisible P - an uncursed potion of water Rings O - a cursed ring of polymorph Y - an uncursed ring of stealth R - an uncursed ring of warning Wands J - an uncursed wand of digging (0:4) S - an uncursed wand of sleep (0:0) Tools t - an uncursed blindfold x - an uncursed brass lantern z - an uncursed leash k - an uncursed lock pick s - an uncursed stethoscope o - an uncursed tin whistle Gems/Stones H - 2 uncursed worthless pieces of black glass X - an uncursed worthless piece of orange glass d - an uncursed worthless piece of violet glass M - 2 uncursed worthless pieces of white glass b - an uncursed worthless piece of yellow glass e - 3 uncursed worthless pieces of yellowish brown glass V - an uncursed flint stone Spontiff the Healer's attributes: Background: You were a Rhizotomist, a level 1 male gnomish Healer. You were neutral, on a mission for Hermes who was opposed by Athena (lawful) and Poseidon (chaotic). You were right-handed. You were in the Gnomish Mines, on level 6. You entered the dungeon 5138 turns ago. You had 0 experience points, 20 were needed to attain level 2. Your score was 300 before end-of-game adjustments. Basics: You had 0 out of 25 hit points. You had all 4 energy points (spell power). Your armor class was -6. Your wallet contained 25 zorkmids. Autopickup was on for '$!/="?' plus thrown, with exceptions. Final Characteristics: Your strength was 8 (limit:18/50). Your dexterity was 11 (limit:18). Your constitution was 18 (limit:18). Your intelligence was 7 (limit:19). Your wisdom was 15 (limit:18). Your charisma was 17 (limit:18). Final Status: You weren't hungry. You were unencumbered. You were empty handed. You were unskilled in bare handed combat. Final Attributes: You were devoutly aligned. Your items were somewhat protected from fire. Your items were somewhat protected from cold. You were poison resistant. You had infravision. You had a moderate defense bonus (+8). You were warded. You are dead. Miscellaneous: You never encountered a bones level. Total elapsed playing time was 1 hour, 11 minutes and 6 seconds. Major events: Turn 1: spontiff the neutral male gnomish Healer entered the dungeon 2130: entered the Gnomish Mines 3473: reached Mine Town 5138: killed by a watch captain Vanquished creatures: a watch captain a small mimic 2 watchmen 2 shriekers a gnome leader 6 dwarves 2 homunculi a kobold leader a giant bat a wererat a werejackal 4 iguanas 2 coyotes 3 hobbits 3 large kobolds 2 hobgoblins 2 giant rats 2 cave spiders a brown mold a green mold a red mold 7 gnomes a gnome zombie 3 geckos 23 jackals 2 foxes 4 kobolds 5 goblins 8 grid bugs a bat 18 lichens 8 newts 120 creatures vanquished. No species were genocided or became extinct. Voluntary challenges: You never hit with a wielded weapon. You were a pacifist. You read items or engraved 5 times. You engraved Elbereth 1 time. You never genocided any monsters. You never polymorphed an object. You never changed form. You used no wishes. Achievements: You entered a shop. You entered the Gnomish Mines. You entered Minetown. You entered a temple. The Dungeons of Doom: levels 1 to 4 Level 1: Level 2: A general store. Level 3: Some fountains. Stairs down to The Gnomish Mines. Level 4: The Gnomish Mines: levels 4 to 7 Level 4: Level 5: Level 6: <- You were here. A shop, a temple and an altar, some fountains, some trees. Final resting place for you, killed by a watch captain. Level 7: Game over: ---------- / \ / REST \ / IN \ / PEACE \ / \ | spontiff | | 25 Au | | killed by a | | watch captain | | | | | | 2024 | *| * * * | * _________)/\\_//(\/(/\)/\//\/|_)_______ Goodbye spontiff the Healer... You died in The Gnomish Mines on dungeon level 6 with 300 points, and 25 pieces of gold, after 5138 moves. You were level 1 with a maximum of 25 hit points when you died.